 Dungeon Crawl Stone Soup version 0.30-a0-358-g0d69a1922f (webtiles) character file.

Game seed: 11141679143926872210

367 night the Conjurer (level 6, -4/51 HPs)
             Began as a Demigod Conjurer on Nov 8, 2022.
             Slain by Pikel
             ... wielding a +0 whip of flaming
              (10 damage)
             ... on level 3 of the Dungeon.
             The game lasted 00:09:59 (3885 turns).

night the Conjurer (Demigod Conjurer)               Turns: 3885, Time: 00:10:00

Health: -4/51      AC:  3    Str:  8    XL:     6   Next: 17%
Magic:  14/14      EV: 12    Int: 28    God:
Gold:   145        SH:  0    Dex: 12    Spells: 2/12 levels left

rFire   . . .      SeeInvis .    l - +0 broad axe
rCold   . . .      Faith    .    (no shield)
rNeg    . . .      Spirit   .    a - +0 robe
rPois   .          Reflect  .    (no helmet)
rElec   .          Harm     .    (no cloak)
rCorr   .          Rampage  .    i - +0 pair of gloves
Will    .....                    (no boots)
Stlth   ++........               (no amulet)
HPRegen 0.28/turn                (no ring)
MPRegen 0.14/turn                (no ring)

@: mighty
A: high MP 1, forlorn, divine attributes
a: no special abilities


You were on level 3 of the Dungeon.
You visited 1 branch of the dungeon, and saw 4 of its levels.

You collected 145 gold pieces.

Inventory:

Hand Weapons
 e - a +0 dagger
 l - a +0 broad axe (weapon)
Missiles
 d - 19 stones
 j - 3 atropa-tipped darts
 m - 6 poisoned darts
 n - 4 boomerangs
Armour
 a - a +0 robe (worn)
 i - a +0 pair of gloves (worn)
Scrolls
 c - a scroll of noise
 g - 2 scrolls of teleportation
 k - 2 scrolls of blinking
Potions
 b - a potion of magic
 f - 3 potions of curing
 h - a potion of might
 o - a potion of degeneration {unknown}
 p - a potion of ambrosia {unknown}


   Skills:
 + Level 3.2 Fighting
 - Level 1.7 Dodging
 - Level 1.7 Stealth
 + Level 3.6 Spellcasting
 + Level 5.0 Conjurations


You had 2 spell levels left.
You knew the following spells:

 Your Spells              Type           Power      Damage    Failure   Level
a - Magic Dart            Conj           100%       1d8       1%          1
b - Searing Ray           Conj           66%        2d6       1%          2
c - Dazzling Flash        Conj/Hex       38%        N/A       9%          3
d - Fulminant Prism       Conj/Hex       9%         3d6       26%         4

Your spell library contained the following spells:

 Spells                   Type           Power      Damage    Failure   Level
 Slow                     Hex            20%        N/A       8%          1
 Stone Arrow              Conj/Erth      38%        3d9       9%          3
 Confusing Touch          Hex            5%         N/A       24%         3
 Gell's Gravitas          Tloc           5%         N/A       24%         3
 Vampiric Draining        Necr           5%         2d6       24%         3
 Flame Wave               Conj/Fire      19%        2d7       26%         4
 Iskenderun's Mystic Bla  Conj/Tloc      19%        2d6       26%         4
 Manifold Assault         Tloc           5%         N/A       61%         4


Dungeon Overview and Level Annotations

Branches:
Dungeon (4/15)
 Temple: D:4-7

Shops:
D:3 :

Annotations:
D:3 Eustachio, Pikel


Innate Abilities, Weirdness & Mutations

You have an increased reservoir of magic. (+10% MP)
You shall have no god before yourself.
Your divine heritage dramatically boosts your attributes as you level up.


Message History

Restarting spell: Searing Ray (safe; 1% risk of failure)
Press: ? - help, Shift-Dir - straight line, f - Eustachio
Aim: Eustachio, wielding a +0 rapier and wearing a +0 leather armour (lightly wounded, 73% to hit)
The searing ray hits Eustachio.
Eustachio is moderately wounded. (Press . to maintain the ray.) Eustachio misses you.
The searing ray misses Eustachio.
Eustachio casts a spell.
Eustachio blinks!
You climb upwards.
There is a stone staircase leading down here.
You start resting.
Magic restored.
You climb downwards.
Level annotation: Eustachio, Pikel The lemure shouts!
Eustachio barely misses you. Pikel completely misses you.
There is a stone staircase leading up, spattered with blood here.
Pikel barely misses you. Eustachio hits you with a +0 rapier.
You climb upwards.
There is a stone staircase leading down here.
Eustachio hits you with a +0 rapier!
You see here a +0 flail.
Eustachio casts a spell.
Eustachio blinks!
Eustachio hits you with a +0 rapier!
It was a potion of might.
You feel very mighty all of a sudden.
Eustachio casts a spell.
Eustachio blinks!
Pikel hits you with a +0 whip of flaming!
Pikel burns you.
You barely miss Pikel.
Pikel hits you with a +0 whip of flaming!
* * * LOW HITPOINT WARNING * * *
Pikel burns you.
* * * LOW HITPOINT WARNING * * *
Pikel hits you with a +0 whip of flaming!
You die...

......≈.#.≈.##._#.≈.#..#
.#....≈.#.≈...###.≈.#..#
......≈.#.≈≈≈≈....≈.#..#
######≈.#.....≈≈≈≈≈.#..#
#..≈.######......#..#
####.#≈.......#######..#
#.....≈≈≈≈≈≈≈≈.........#
#.####.##.).[########..# #.#
##.#...>).K@..##.###########
#.#
##.#.#######.##...........#
#.# ##.## #.############.#
#.# ### #.# ###.# #.# #.#
#...# #.# #.# #.### #.###
#.# #.# #...# #.# #.# #...#
#.# #.#


You could see Pikel.

Vanquished Creatures
  3 scorpions
  An orc priest (D:4)
  Jessica (D:2)
  An iguana (D:4)
  3 adders
  2 worms
  A dart slug (D:1)
  4 orcs
  6 ball pythons
  3 endoplasms
  2 giant cockroaches
  11 goblins
  4 hobgoblins
  6 jackals
  2 quokkas (D:2)
  4 bats
  4 frilled lizards
  3 kobolds
  7 rats
68 creatures vanquished.

Vanquished Creatures (others)
  A fulminant prism (D:4)
1 creature vanquished.

Grand Total: 69 creatures vanquished

Notes
Turn   | Place    | Note
-------+----------+-------------------------------------------
     0 | D:1      | night the Demigod Conjurer began the quest for the Orb.
     0 | D:1      | Reached XP level 1. HP: 14/14 MP: 5/5
   192 | D:1      | Reached skill level 2 in Spellcasting
   269 | D:1      | Reached XP level 2. HP: 22/22 MP: 1/7
   587 | D:1      | Reached skill level 1 in Fighting
   629 | D:1      | Learned a level 2 spell: Searing Ray
  1588 | D:1      | Reached skill level 4 in Conjurations
  1613 | D:1      | Reached XP level 3. HP: 28/28 MP: 0/9
  1617 | D:1      | Learned a level 3 spell: Dazzling Flash
  1844 | D:2      | Noticed Jessica
  2306 | D:2      | Noticed a scorpion
  2319 | D:2      | Killed a scorpion
  2320 | D:2      | Reached skill level 2 in Fighting
  2320 | D:2      | Reached XP level 4. HP: 28/36 MP: 0/11
  2548 | D:2      | Killed Jessica
  2716 | D:2      | Reached XP level 5. HP: 35/42 MP: 7/12
  3128 | D:3      | Got the Lessons on Warped Battle Magic
  3185 | D:3      | Found Vurch's Book Boutique.
  3635 | D:4      | Reached XP level 6. HP: 51/51 MP: 5/14
  3640 | D:4      | Learned a level 4 spell: Fulminant Prism
  3714 | D:4      | Reached skill level 5 in Conjurations
  3728 | D:4      | Noticed Eustachio
  3828 | D:4      | Noticed Pikel
  3885 | D:3      | HP: 6/51 [Pikel/+0 whip of flaming (2)]
  3885 | D:3      | Slain by Pikel

Illustrated notes

Levels and vault maps discovered:
D:1:      lightli_arrival_statue_moat, layout_basic, roderic_serpentine_path
D:2:      layout_basic, basic_altar, uniq_jessica
D:3:      layout_loops_ring, nicolae_overflow_squiral, serial_shops,
          nicolae_lakefront_shop, serial_glass, glass_columns_a, glass_columns_a
D:4:      layout_basic, minmay_shop_grid_forest, corexii_corridor_pit,
          hangedman_abyss_or_decor_lesser_grid, minmay_statues_item, uniq_pikel,
          uniq_eustachio

Skill      XL: |  1  2  3  4  5  6 |
---------------+-------------------+-----
Spellcasting   | 2 3 |  3.6
Fighting       | 1 2 3 |  3.2
Conjurations   | 4 5 |  5.0
Dodging        | |  1.7
Stealth        | |  1.7

Action                   |  1- 3 |  4- 6 || total
-------------------------+-------+-------++-------
Melee: Unarmed           |    10 |       ||    10
       Dagger            |     9 |       ||     9
       Broad axe         |     3 |    20 ||    23
 Cast: Magic Dart        |    80 |    42 ||   122
       Searing Ray       |     4 |     9 ||    13
       Fulminant Prism   |       |     1 ||     1
  Use: Scroll            |       |     7 ||     7
       Potion            |       |     1 ||     1
Armor: Robe              |    11 |     7 ||    18
Dodge: Dodged            |    35 |    32 ||    67

Table legend: (Time is in decaauts)
 A = Elapsed time spent in this place.
 B = Non-inter-level travel time spent in this place.
 C = Inter-level travel time spent in this place.
 D = Time resting spent in this place.
 E = Time spent auto-exploring this place.
 F = Levels seen in this place.
 G = Mean time per level.
                   A        B        C        D        E       F      G
               +--------+--------+--------+--------+--------+-----+--------+
         Total |   3905 |   3788 |    117 |    592 |   2592 |   4 |  976.2 |
       Dungeon |   3905 |   3788 |    117 |    592 |   2592 |   4 |  976.2 |
               +--------+--------+--------+--------+--------+-----+--------+

Top non-repeatable levels by time:
     D:1: 1794 daAuts
     D:2: 1070 daAuts
     D:3: 885 daAuts
     D:4: 155 daAuts
